[Event "Late-Titled-Tuesday-Blitz-May-14-2024"]
[Site "Chess.com"]
[Date "2024.05.14"]
[Round "5"]
[White "KaydenTroffChess"]
[Black "Eloist"]
[Result "1/2-1/2"]
[WhiteElo "2843"]
[BlackElo "2435"]
[TimeControl "180+1"]
[EndTime "14:56:56 PDT"]
[Termination "Game drawn - insufficient material"]

1. d4 e6 2. Nf3 Nf6 3. Bf4 d5 4. e3 c5 5. Nc3 a6 6. Ne5 Nc6 7.
Be2 Bd6 8. Nxc6 bxc6 9. dxc5 Bxc5 10. O-O O-O 11. Bf3 Bd6 12. Bg5 h6 13. Bh4 Rb8 14.
Rb1 Be5 15. Qd3 Qc7 16. Bg3 Bxg3 17. hxg3 e5 18. Be2 e4 19. Qd4 a5 20. a3 Bg4 21.
b4 axb4 22. axb4 Bxe2 23. Nxe2 Qb6 24. c3 Qb5 25. Nf4 Ra8 26. Rfc1 Ra2 27. c4 dxc4 28.
Qxc4 Qxc4 29. Rxc4 Ng4 30. Nh3 Rd8 31. Rxe4 h5 32. f3 Nf6 33. Rd4 Rxd4 34. exd4 Nd5 35.
b5 Nc3 36. Rc1 Ne2+ 37. Kh2 Nxc1 38. bxc6 Rc2 39. d5 Nd3 40. Ng5 Kf8 41. Ne4 Nb4 42.
d6 Nxc6 43. Kh3 Nd8 44. Kh4 g6 45. Kh3 f5 46. Ng5 Ke8 47. Nh7 Kd7 48. Nf8+ Kxd6 49.
Nxg6 Ne6 50. Nh4 Ke5 51. Kh2 f4 52. Kh3 Ng5+ 53. Kh2 fxg3+ 54. Kxg3 Kf6 55. Kf4 Ne6+ 56. Kg3 Kg5 57. f4+ Kf6 58. Nf3 Rc3 59. f5 Kxf5 60.
Kh4 Kg6 61. Ne5+ Kf6 62. Nd7+ Ke7 63. Ne5 Nf4 64. g3 Ng2+ 65. Kxh5 Rxg3 66. Ng4 Nf4+ 67.
Kh4 Rg1 68. Kg5 Ke6 69. Kxf4 Rxg4+ 70. Kxg4 1/2-1/2

[Event "Late-Titled-Tuesday-Blitz-May-14-2024"]
[Site "Chess.com"]
[Date "2024.05.14"]
[Round "5"]
[White "rikchessmx"]
[Black "marvinguevara"]
[Result "1-0"]
[WhiteElo "2448"]
[BlackElo "2190"]
[TimeControl "180+1"]
[EndTime "14:56:56 PDT"]
[Termination "rikchessmx won on time"]

1. e4 e6 2. d4 c5 3. Nc3 cxd4 4. Qxd4 Nc6 5. Qe3 Nf6 6. a3 d5 7. exd5 Nxd5 8. Nxd5 Qxd5 9. Nf3 Bc5 10. Qf4 O-O 11.
Bc4 Qh5 12. O-O e5 13. Qh4 Qg6 14. Bd3 f5 15. Qc4+ Be6 16. Qxc5 e4 17. Ng5 exd3 18. Nxe6 Qxe6 19. cxd3 Rad8 20. Qb5 f4 21. Qc4 Qxc4 22. dxc4 Na5 23. Bd2 Rxd2 24. c5 Rxb2 25. Rfe1 h5 26.
Re5 h4 27. h3 f3 28. gxf3 Rxf3 29. Rf1 Nc4 30. Re7 Rxh3 31. Kg2 Rxa3 32. Rd1 Raa2 33.
Rdd7 Rxf2+ 34. Kh3 Rh2+ 35. Kg4 Rag2+ 36. Kh5 a5 37. Rxb7 a4 38. c6 Nd6 39. Rbd7 Nf5 40.
Re8+ Kh7 41. c7 Rc2 42. c8=Q Rxc8 43. Rxc8 a3 44. Ra7 a2 45. Kg5 Ne3 46. Rcc7 Rg2+ 47. Kxh4 Nd5 48. Rc8 Nb4 49. Kh3 Rg1 50. Rca8 Rb1 51.
Kg4 Rb3 52. Kf5 Rb1 53. Ke6 Kh6 54. Kf7 Kg5 55. Kxg7 Kf5 56. Rb8 Ke4 57. Rxa2 Nxa2 58. Rxb1 Nc3 59. Rb3 Kd3 60. Kf6 Kc4 61. Rb8 Ne4+ 62.
Ke5 Nf2 63. Rd8 Nd3+ 64. Ke4 Nc5+ 65. Ke3 1-0

[Event "Late-Titled-Tuesday-Blitz-May-14-2024"]
[Site "Chess.com"]
[Date "2024.05.14"]
[Round "5"]
[White "StoreySniper"]
[Black "Crazy_girl99"]
[Result "1-0"]
[WhiteElo "2511"]
[BlackElo "2625"]
[TimeControl "180+1"]
[EndTime "14:56:58 PDT"]
[Termination "StoreySniper won on time"]

1. e4 e5 2. Nf3 Nc6 3. Bb5 a6 4. Ba4 Nf6 5. d3 b5 6. Bb3 Bc5 7. Nc3 d6 8. Nd5 h6 9. c3 Be6 10. O-O O-O 11. d4 Nxe4 12. dxc5 Nxc5 13. Nb4 Nxb4 14.
cxb4 Nxb3 15. axb3 f5 16. Bd2 Qe7 17. Bc3 Qf7 18.
Ra3 f4 19. Nd2 Bd5 20. f3 Rfe8 21. Qe2 c5 22. bxc5 dxc5 23. b4 cxb4 24. Bxb4 Qc7 25. Qf2 a5 26. Qc5 Qxc5+ 27. Bxc5 a4 28. Rd3 Be6 29. Re1 Bf5 30. Rd5 Rad8 31. Rexe5 Rxd5 32.
Rxd5 g6 33. Kf2 Kf7 34. Bd6 Ke6 35. Re5+ Kd7 36. Rxe8 Kxe8 37. Bxf4 h5 38. Bd6 Kd7 39. Bb4 Ke6 40. Ke3 Kd5 41. h3 Bd7 42. g4 hxg4 43. hxg4 Be6 44. g5 Bf5 45. f4 Be6 46. Bf8 Bf5 47.
Bg7 Be6 48. Bc3 Bf5 49. Nf3 Kc4 50. Nd4 Bd7 51. f5 gxf5 52. g6 Be8 53. g7 Bf7 54. Nxf5 Kb3 55. Nd6 Bg8 56. Nxb5 Bc4 57. Na3 Bg8 58. Kd4 Bf7 59. Ke5 Bg8 60. Kf6 Bd5 61. Ke7 Bg8 62. Kf8 Bh7 63. Nb5 Kc4 64. Nd6+ Kb3 65.
Nf7 a3 66. bxa3 Kxc3 67. Ng5 Bg6 68. g8=Q Bd3 69. Qa2 1-0

[Event "Late-Titled-Tuesday-Blitz-May-14-2024"]
[Site "Chess.com"]
[Date "2024.05.14"]
[Round "5"]
[White "tgpgoat"]
[Black "Zq1"]
[Result "1/2-1/2"]
[WhiteElo "2464"]
[BlackElo "2610"]
[TimeControl "180+1"]
[EndTime "14:56:58 PDT"]
[Termination "Game drawn by repetition"]

1. Nf3 Nf6 2. d4 e6 3. c4 a6 4. Nc3 c5 5. e4 cxd4 6. Nxd4 Qc7 7. Bd3 Bb4 8. O-O Bxc3 9. bxc3 d6 10. Ba3 Nbd7 11.
f4 b6 12. Kh1 Bb7 13. Qe2 Nc5 14. e5 dxe5 15. fxe5 Nfd7 16. Rae1 Nxe5 17. Bxc5 bxc5 18.
Be4 cxd4 19. Bxb7 Qxb7 20. Qxe5 O-O 21. cxd4 Rac8 22. c5 Rcd8 23. Rc1 Qc6 24. Rb1 Rd5 25. Qe3 Qd7 26. Rfc1 Qc7 27. h3 h6 28. Rb6 Rfd8 29. Rb4 e5 30. dxe5 Rxe5 31. Qf2 Red5 32. Re4 Rd1+ 33.
Re1 Rxe1+ 34. Rxe1 Qc6 35. Re7 Qd5 36. Kh2 Rc8 37. Ra7 Qe5+ 38. Qg3 Qxg3+ 39. Kxg3 Rc6 40.
Kf3 g5 41. Ke4 Rxc5 42. Rxa6 Rc3 43. a4 Rg3 44. Rxh6 Rxg2 45. a5 Kg7 46. Rc6 Ra2 47. a6 f6 48. Kf5 Ra5+ 49. Kg4 Kg6 50. Kg3 Ra4 51. Rb6 Kf5 52. Rb5+ Kg6 53. Rb6 Ra3+ 54. Kg2 Kf5 55. h4 Kg6 56. hxg5 Kxg5 57. Rb5+ f5 58. Rb6 f4 59. Kf2 Kg4 60. Rg6+ Kf5 61. Rc6 Ra2+ 62.
Kf3 Ra3+ 63. Ke2 Ra2+ 64. Kd3 Kg4 65. Rg6+ Kf3 66. Rf6 Ra1 67. Kc4 Kg3 68. Kb5 f3 69. Rg6+ Kf2 70. Rf6 Ke2 71. Re6+ Kf2 72. Rf6 Kg2 73.
Rg6+ Kf2 74. Rf6 1/2-1/2

[Event "Late-Titled-Tuesday-Blitz-May-14-2024"]
[Site "Chess.com"]
[Date "2024.05.14"]
[Round "5"]
[White "Aygehovit1992"]
[Black "maximnovik"]
[Result "0-1"]
[WhiteElo "2839"]
[BlackElo "2592"]
[TimeControl "180+1"]
[EndTime "14:56:59 PDT"]
[Termination "maximnovik won by resignation"]

1. e4 e5 2. Nf3 Nc6 3. Bb5 a6 4. Ba4 Nf6 5. Nc3 b5 6. Bb3 Be7 7. d3 O-O 8. a3 d6 9. h3 Be6 10.
Nd5 Bxd5 11. exd5 Nb8 12. Nh4 Re8 13. Nf5 Bf8 14. Bg5 h6 15. Bh4 Nbd7 16. O-O Nc5 17. Ba2 g6 18. Ne3 Bg7 19. Qf3 g5 20. Bg3 e4 21. dxe4 Nfxe4 22. Rad1 Bxb2 23. Nf5 Bg7 24. c4 Qf6 25. cxb5 axb5 26. Bb1 Nc3 27. Rde1 Kf8 28. Kh2 Rxe1 29. Rxe1 Rxa3 30. Nxd6 cxd6 31. Qxf6 Bxf6 32. Bxd6+ Kg7 33. Bxc5 Ra1 34. d6 Rxb1 35. Re8 Rd1 36. Rc8 Be5+ 37. g3 Ne4 38. Bb4 Bxd6 39. Bxd6 Rxd6 40.
Rb8 Rd5 41. Kg2 Nf6 42. Kf3 Nd7 43. Rb7 Kf6 44. Kg4 Ke6 45. Kh5 Kd6 46. Kxh6 Kc6 47.
Ra7 b4 48. Kg7 b3 49. Ra1 b2 50. Rb1 Rd2 51. f4 gxf4 52. gxf4 f5 53. h4 Nc5 54. h5 Nd3 55. h6 Rg2+ 56. Kf7 Rh2 57. Kg7 Nxf4 58.
h7 Nd3 59. h8=Q Rxh8 60. Kxh8 f4 61. Kg7 Kd5 62. Kf6 Ke4 63. Kg5 f3 64. Kg4 f2 65.
Kg3 Ke3 66. Kg2 Kd2 67. Rf1 Kc2 68. Kf3 b1=Q 69. Rxb1 Kxb1 70. Ke2 Kc2 71. Kf1 Kd2 0-1

[Event "Late-Titled-Tuesday-Blitz-May-14-2024"]
[Site "Chess.com"]
[Date "2024.05.14"]
[Round "5"]
[White "bobo_panda"]
[Black "becemix"]
[Result "1/2-1/2"]
[WhiteElo "2442"]
[BlackElo "2595"]
[TimeControl "180+1"]
[EndTime "14:56:59 PDT"]
[Termination "Game drawn by repetition"]

1. e4 c5 2. Nf3 d6 3. d4 cxd4 4.
Nxd4 Nf6 5. Nc3 a6 6. h3 e5 7. Nde2 h5 8. Bg5 Nbd7 9. Ng3 b5 10. Nf5 Qc7 11. Be2 g6 12. Ne3 Bb7 13. Ncd5 Nxd5 14.
Nxd5 Bxd5 15. exd5 Rc8 16. c3 Be7 17. Bxe7 Kxe7 18.
O-O Kf6 19. f4 Qc5+ 20. Kh1 exf4 21. Rxf4+ Kg7 22. Qd2 Ne5 23. Raf1 f5 24. R4f2 Ng4 25.
Rxf5 Qe3 26. Rf7+ Kh6 27. Qxe3+ Nxe3 28. R1f6 Rcd8 29. Bd3 Rhg8 30. Be4 Rde8 31. Re6 Rxe6 32. dxe6 d5 33. Bd3 Nc4 34. Bxc4 dxc4 35. Ra7 Rf8 36.
Kg1 Rf5 37. Rxa6 Re5 38. Kf2 Kg5 39. Kf3 Kf6 40. e7+ Kxe7 41. Rxg6 Rd5 42. Ke3 Rd3+ 43. Ke2 Rd5 44. Rg3 Kd6 45. Re3 Kc5 46. g4 hxg4 47.
hxg4 b4 48. cxb4+ Kxb4 49. Kf3 Rd2 50. Re2 Rd3+ 51. Kf4 Rd4+ 52. Kf5 Rd1 53. g5 Rf1+ 54. Kg6 Ra1 55. a3+ Kb3 56. Kh7 Rh1+ 57. Kg7 Rb1 58. g6 Rxb2 59. Re3+ c3 60. Kf7 Rf2+ 61. Ke7 Rg2 62.
Kf7 Kb2 63. g7 c2 64. Re1 Rf2+ 65. Ke7 Rg2 66. Kf7 Rf2+ 67. Ke7 Rg2 68. Kf7 1/2-1/2

[Event "Late-Titled-Tuesday-Blitz-May-14-2024"]
[Site "Chess.com"]
[Date "2024.05.14"]
[Round "5"]
[White "rhwr"]
[Black "crushernt"]
[Result "0-1"]
[WhiteElo "2291"]
[BlackElo "2101"]
[TimeControl "180+1"]
[EndTime "14:57:00 PDT"]
[Termination "crushernt won by resignation"]

1. e4 c5 2. Be2 Nc6 3. f4 g6 4. Nf3 Bg7 5. O-O e6 6. d3 Nge7 7. c3 d5 8. e5 O-O 9. Kh1 d4 10.
c4 h5 11. Nbd2 Nf5 12. Ne4 b6 13. a3 Bb7 14. Qe1 a5 15. Bd1 a4 16. Bd2 Qe7 17. Nfg5 Rfd8 18. Bf3 Rd7 19. Rc1 Rad8 20. Qd1 Ne3 21. Bxe3 dxe3 22. Qxa4 Rxd3 23. Rfd1 Rxd1+ 24. Rxd1 Nd4 25. Nd6 Nxf3 26. Nxf3 Bxf3 27. gxf3 Qh4 28. Ne4 Rxd1+ 29. Qxd1 Qxf4 30. Qd8+ Kh7 31. Qd1 Bxe5 32. Qe2 h4 33. h3 f5 34. Nc3 Bxc3 35. bxc3 Qg3 36.
Qxe3 Qxh3+ 37. Kg1 Qg3+ 38. Kh1 h3 39. Qe2 Qf4 40. Kg1 g5 41. Kh1 g4 42. fxg4 Qxg4 43.
Qf1 Qg2+ 44. Qxg2 hxg2+ 45. Kxg2 Kg6 46. Kf3 Kf6 47. Kf4 e5+ 48. Kf3 Kg5 49. a4 f4 50. Ke4 Kg4 51. Kxe5 f3 52. Kd6 f2 53.
Kc6 f1=Q 54. Kxb6 Qa1 55. a5 Qa4 56. a6 Qxc4 57. a7 Qe6+ 58. Kb7 Qd7+ 59. Kb8 Qd8+ 60. Kb7 Qd7+ 61. Kb8 c4 62. a8=Q Qd8+ 63. Kb7 Qxa8+ 64. Kxa8 Kf3 65. Kb7 Ke3 66. Kc6 Kd3 67. Kb5 Kxc3 68. Ka4 Kd2 69. Ka3 c3 70. Kb3 c2 71. Kb4 c1=Q 0-1

[Event "Late-Titled-Tuesday-Blitz-May-14-2024"]
[Site "Chess.com"]
[Date "2024.05.14"]
[Round "5"]
[White "alexrustemov"]
[Black "Ditman2007"]
[Result "1-0"]
[WhiteElo "2922"]
[BlackElo "2698"]
[TimeControl "180+1"]
[EndTime "14:57:01 PDT"]
[Termination "alexrustemov won by resignation"]

1. d4 Nf6 2. c4 c5 3. Nf3 cxd4 4. Nxd4 g6 5. g3 Bg7 6. Bg2 O-O 7. Nc3 Nc6 8. O-O Nxd4 9. Qxd4 d6 10. Rd1 Nd7 11. Qh4 Ne5 12. c5 Ng4 13. h3 Bf6 14. Bg5 Bxg5 15.
Qxg5 Nf6 16. cxd6 exd6 17. Qf4 Ne8 18. Ne4 Be6 19. Rd4 d5 20. Nc3 Qf6 21. Qd2 Nc7 22.
Rd1 Rfe8 23. e3 Rab8 24. a3 b5 25. h4 h5 26. Nxd5 Nxd5 27. Bxd5 Bxd5 28. Rxd5 Rb6 29. Rc1 Kg7 30. Rc7 Re7 31. Rdd7 Rxd7 32. Rxd7 a6 33. Qd5 Re6 34. b4 Qe5 35. Qxe5+ Rxe5 36. Rd6 a5 37. bxa5 Re4 38. Rb6 Ra4 39. Rxb5 Rxa3 40. Kg2 Kf6 41. Kf3 Ra4 42. e4 Ra3+ 43. Kf4 Ra4 44.
Rb6+ Kg7 45. a6 f5 46. f3 fxe4 47. fxe4 Ra3 48. Rb7+ Kf6 49. a7 Ra4 50. Ke3 Ke5 51.
Re7+ Kf6 52. Rc7 Ke5 53. Kd3 Ra3+ 54. Kc4 Kxe4 55. Kb5 Kf3 56. Rc3+ Rxc3 57. a8=Q+ Kxg3 58. Qe4 Rb3+ 59. Kc4 Rf3 60. Qxg6+ Kh3 61. Qxh5 Rf4+ 62. Kd3 Rxh4 63. Qf3+ Kh2 64. Ke2 Rh8 65. Kf2 Rg8 66. Qf4+ Kh3 67. Qf5+ Kh4 68. Qh7+ Kg5 69. Qxg8+ Kf6 70.
Qg4 1-0

[Event "Late-Titled-Tuesday-Blitz-May-14-2024"]
[Site "Chess.com"]
[Date "2024.05.14"]
[Round "5"]
[White "Quattroporte300"]
[Black "m_ezat"]
[Result "1/2-1/2"]
[WhiteElo "2459"]
[BlackElo "2606"]
[TimeControl "180+1"]
[EndTime "14:57:02 PDT"]
[Termination "Game drawn - insufficient material"]

1. e4 e5 2. Nf3 Nc6 3. Bc4 Nf6 4. d3 h6 5. O-O Bc5 6. c3 d6 7. d4 Bb6 8. dxe5 Nxe5 9. Nxe5 dxe5 10. Qxd8+ Kxd8 11. Nd2 Ke7 12. h3 Rd8 13. Re1 Bd7 14. Nf3 Bc6 15. Nxe5 Bxe4 16. Nxf7 Rd7 17. Bf4 Kf8 18. Ne5 Re7 19. Rxe4 Nxe4 20. Ng6+ Ke8 21. Nxe7 Kxe7 22. Be3 Bxe3 23. fxe3 Rd8 24. Rf1 Nd2 25. Rf7+ Kd6 26. Bb3 Rd7 27. Rxd7+ Kxd7 28. Kf2 Kd6 29. Bc2 Nc4 30.
b3 Ne5 31. e4 g5 32. Ke3 Ng6 33. g3 Ne5 34. Bd1 c5 35. Be2 a6 36. a4 Nd7 37.
b4 Ke5 38. Bg4 Nb6 39. a5 Nc4+ 40. Kd3 Nd6 41. bxc5 Nxe4 42. Kc4 Nd2+ 43. Kb4 Kd5 44. Bc8 Kc6 45. Bf5 Kc7 46. h4 gxh4 47. gxh4 Nf3 48. h5 Ne5 49. Be4 Ng4 50. Kb3 Nf6 51. Bf3 Nd7 52.
Kc2 Nxc5 53. c4 Kd6 54. Kc3 Ke5 55. Bd5 Ne4+ 56. Kb4 Nd6 57. Bf3 Ne4 58. Bd1 Kd4 59. Be2 Nc5 60. Bf1 Ne6 61. Be2 Nd8 62. Bd1 Nc6+ 63.
Ka4 Kxc4 64. Bf3 Kc5 65. Be4 Ne7 66. Bxb7 Nd5 67. Bxa6 Nc3+ 68. Kb3 Ne4 69. Be2 Nd6 70. a6 Kb6 71. Kc3 Ne4+ 72. Kd4 Ng3 73. Bf3 Nf5+ 74. Ke5 Ng7 75. Be2 Ka7 76. Kf6 Nxh5+ 77. Bxh5 Kxa6 78. Kg6 Kb6 79. Kxh6 1/2-1/2

[Event "Late-Titled-Tuesday-Blitz-May-14-2024"]
[Site "Chess.com"]
[Date "2024.05.14"]
[Round "5"]
[White "PepeCuenca"]
[Black "doublesik"]
[Result "1-0"]
[WhiteElo "2820"]
[BlackElo "2552"]
[TimeControl "180+1"]
[EndTime "14:57:04 PDT"]
[Termination "PepeCuenca won by resignation"]

1. d4 d5 2. Bf4 Nf6 3. e3 e6 4. Nf3 c5 5. Nbd2 Nc6 6. c3 Bd6 7. Bg3 O-O 8. Bd3 b6 9. e4 Be7 10. e5 Nh5 11. Ng5 Bxg5 12. Qxh5 g6 13. Qe2 cxd4 14.
h4 Bh6 15. h5 g5 16. Nf3 dxc3 17. bxc3 f5 18. exf6 Qxf6 19. O-O Bd7 20. c4 Rae8 21.
Nh2 Nd4 22. Qd1 e5 23. cxd5 e4 24. Bc4 b5 25. Bb3 Bg7 26. Rc1 a5 27. Rc7 Rd8 28.
Ng4 Bxg4 29. Qxg4 a4 30. Bd1 e3 31. h6 Bxh6 32. Qe4 Bg7 33. Qxe3 Rxd5 34. Bg4 Nf5 35. Qe4 Rdd8 36. Bxf5 Qxf5 37. Qe7 Qf6 38. Qe2 Rfe8 39.
Qxb5 Ra8 40. Rd1 Kh8 41. Rc5 Re7 42. Rxg5 Bh6 43. Rf5 Qg6 44. Be5+ Bg7 45. Bg3 Rg8 46. Qc5 Rf7 47. Rg5 Qf6 48. Rh5 Re8 49. Qc2 h6 50.
Qxa4 Qg6 51. Qh4 Kg8 52. Rhd5 Ref8 53. Rd6 Rf6 54. Rxf6 Bxf6 55. Qc4+ Kh7 56. Rd7+ Bg7 57. Be5 Rg8 58. Bxg7 Rxg7 59. Rxg7+ Qxg7 60. Qe4+ Kh8 61. a4 Qa1+ 62. Kh2 Kg7 63. Qg4+ Kh7 64. Qf5+ Kg7 65.
a5 Qa4 66. g3 Qa2 67. Qe5+ Kg8 68. Kg2 Qd2 69. Qe8+ Kg7 70. Qe5+ Kg8 71. a6 Qa2 72.
Qb8+ Kg7 73. Qb7+ Kg6 74. a7 1-0

[Event "Late-Titled-Tuesday-Blitz-May-14-2024"]
[Site "Chess.com"]
[Date "2024.05.14"]
[Round "5"]
[White "Siemba"]
[Black "GlavkonVVS"]
[Result "1/2-1/2"]
[WhiteElo "2495"]
[BlackElo "2628"]
[TimeControl "180+1"]
[EndTime "14:57:04 PDT"]
[Termination "Game drawn - insufficient material"]

1. e4 Nf6 2. e5 Nd5 3. d4 d6 4. exd6 cxd6 5. c4 Nb6 6. Nc3 g6 7. Be3 Bg7 8. Rc1 O-O 9. b3 f5 10. c5 f4 11. cxb6 fxe3 12. Bc4+ d5 13. Bxd5+ e6 14. Bf3 exf2+ 15. Kxf2 Bxd4+ 16. Kf1 axb6 17. Nge2 Nc6 18. Ne4 e5 19. Qc2 Bf5 20. N2g3 Be6 21. h4 Nb4 22. Qd2 Qe7 23. h5 Rxa2 24. Qh6 Qg7 25. hxg6 Qxg6 26. Qxg6+ hxg6 27. Rh6 Kg7 28. Rh4 Rc8 29. Rxc8 Bxc8 30. Ng5 Rf2+ 31. Ke1 Nd3+ 32. Kd1 Be3 33. Rh7+ Kf8 34. N3e4 Nb2+ 35. Ke1 Nd3+ 36. Kd1 Rb2 37. Rh8+ Ke7 38. Rxc8 Bxg5 39. Nxg5 Nc5 40.
Rc7+ Kf6 41. Ne4+ Nxe4 42. Bxe4 Rxb3 43. Rxb7 b5 44. Bc6 b4 45. Bd5 Rd3+ 46. Ke2 Rxd5 47.
Rxb4 Rd4 48. Rb6+ Kf5 49. Ke3 g5 50. Rb8 Ra4 51. Kf3 Ra3+ 52. Kf2 g4 53. Rf8+ Ke4 54. Rg8 g3+ 55. Ke2 Ra2+ 56. Kf1 Ra3 57. Ke2 Rb3 58.
Rg4+ Kf5 59. Rg8 e4 60. Rf8+ Ke5 61. Re8+ Kd5 62. Rd8+ Ke6 63. Re8+ Kf5 64. Rf8+ Kg4 65. Rg8+ Kf4 66. Rf8+ Ke5 67. Re8+ Kd4 68. Rd8+ Kc4 69.
Rc8+ Kd5 70. Rd8+ Kc6 71. Rc8+ Kd7 72. Rc4 Rb2+ 73. Ke3 Rxg2 74. Rxe4 Rg1 75. Rg4 Ke6 76. Kf3 Kf5 77. Rxg3 Rxg3+ 78. Kxg3 1/2-1/2

[Event "Late-Titled-Tuesday-Blitz-May-14-2024"]
[Site "Chess.com"]
[Date "2024.05.14"]
[Round "5"]
[White "mouseslips_are_the_best"]
[Black "deathadder96"]
[Result "0-1"]
[WhiteElo "2360"]
[BlackElo "2875"]
[TimeControl "180+1"]
[EndTime "14:57:05 PDT"]
[Termination "deathadder96 won by resignation"]

1. e4 e5 2. Nf3 c6 3. Nxe5 Nf6 4.
d3 d5 5. exd5 Nxd5 6. Be2 Bd6 7.
Nf3 O-O 8. O-O Re8 9. Nc3 Nxc3 10. bxc3 Qf6 11. d4 Bf5 12. h3 Qg6 13. Nh4 Bxc2 14. Nxg6 Bxd1 15. Bxd1 hxg6 16. Rb1 b5 17. Bf3 a6 18.
Be3 Ra7 19. d5 c5 20. Rfe1 Nd7 21. g3 Ne5 22. Bg2 Rae7 23. Re2 Nc4 24. Rbe1 Bxg3 25. fxg3 Rxe3 26. Rxe3 Rxe3 27. Rxe3 Nxe3 28. d6 Kf8 29. Bb7 a5 30. Bc6 b4 31. cxb4 axb4 32. g4 Nc4 33. d7 Ke7 34. Kf2 Ne5 35. Bd5 Kxd7 36. Ke3 Kd6 37. Bb3 c4 38. Bc2 g5 39. Ke4 g6 40. Kd4 f6 41. Bd1 Kc6 42. Ba4+ Kb6 43. Kd5 Ka5 44. Bc2 Nd3 45. Kxc4 Nf4 46. Kd4 Kb5 47. Ke3 Nxh3 48. Bxg6 Nf4 49. Bc2 Kc4 50. Ke4 Kc5 51. Bb3 Kd6 52. Kf5 Ke7 53.
Bc4 Ng2 54. Ke4 Kd6 55. Kd4 Nf4 56. Ke4 Ng6 57. Kf5 Ne5 58. Bb3 Ke7 59. Ke4 Nxg4 60.
Kf5 Ne5 61. Ke4 Kd6 62. Kf5 Ke7 63. Bd5 Nd7 64. Bb3 Kd6 65. Be6 Nc5 66. Bb3 Nxb3 67. axb3 Ke7 68. Kg4 Ke6 69. Kf3 f5 0-1

[Event "Late-Titled-Tuesday-Blitz-May-14-2024"]
[Site "Chess.com"]
[Date "2024.05.14"]
[Round "5"]
[White "ritanovikova"]
[Black "MalcolmPein"]
[Result "0-1"]
[WhiteElo "2152"]
[BlackElo "2352"]
[TimeControl "180+1"]
[EndTime "14:57:05 PDT"]
[Termination "MalcolmPein won by checkmate"]

1. d4 Nf6 2. Bf4 Nd5 3. Bg3 h5 4. h3 h4 5. Bh2 c5 6. e4 Nf6 7. e5 Nd5 8. c4 Qa5+ 9. Nd2 Nb6 10. d5 d6 11. exd6 exd6 12. Qe2+ Kd8 13. Qf3 Be7 14.
Qxf7 Rf8 15. Qxg7 Bf5 16. Nf3 N8d7 17. Be2 Bf6 18. Qh6 Re8 19. O-O Rxe2 20. Nb3 Qb4 21.
Bxd6 Nxc4 22. Bxc5 Qb5 23. Bd4 Qa6 24. Bxf6+ Qxf6 25. Qxf6+ Nxf6 26. Nxh4 Bh7 27. d6 Nxb2 28. Nd4 Re4 29.
Ndf5 Rf4 30. g4 Rc8 31. Rab1 Rc2 32. Rfc1 Rxc1+ 33. Rxc1 Nxg4 34. hxg4 Rxg4+ 35. Kf1 Rf4 36. Rc5 Nd3 37. Rd5 Nxf2 38. Kg1 Ng4 39. Ng7 Kd7 40. Rg5 Nf2 41. Nhf5 Nh3+ 42. Kh2 Nxg5 43. Kg3 Rxf5 44. Nxf5 Bxf5 45. Kf4 Kxd6 46. Kxf5 Kc5 47. Kxg5 Kb4 48. Kf4 Ka3 49. Ke3 Kxa2 50. Kd4 a5 51. Kc5 a4 52.
Kb4 a3 53. Kc3 b5 54. Kc2 b4 55. Kc1 b3 56. Kd2 b2 57. Ke3 b1=Q 58. Kf2 Qd3 59. Kg2 Kb3 60. Kf2 a2 61. Kg2 a1=Q 62. Kf2 Qa2+ 63.
Kg1 Qdb1# 0-1

[Event "Late-Titled-Tuesday-Blitz-May-14-2024"]
[Site "Chess.com"]
[Date "2024.05.14"]
[Round "5"]
[White "Kiborg95"]
[Black "LeninGuerra"]
[Result "1/2-1/2"]
[WhiteElo "2895"]
[BlackElo "2679"]
[TimeControl "180+1"]
[EndTime "14:57:08 PDT"]
[Termination "Game drawn by agreement"]

1. e4 c5 2. Nc3 e6 3. Nge2 b6 4. g3 Bb7 5. Bg2 d6 6. O-O Nd7 7. d3 a6 8. a4 Qc7 9. f4 Ngf6 10. h3 Be7 11. g4 h5 12. g5 Nh7 13. h4 Nhf8 14.
f5 exf5 15. exf5 Bxg2 16. Kxg2 Qc6+ 17. Kh3 O-O-O 18. Nf4 Re8 19. Qf3 Qxf3+ 20. Rxf3 Ne5 21. Re3 Nfd7 22. Bd2 Nb8 23. Ncd5 Bd8 24. Rae1 Nbc6 25. c3 Ref8 26. Kg3 Kd7 27. R1e2 g6 28. f6 Re8 29.
Re4 b5 30. axb5 axb5 31. b3 Ng4 32. d4 c4 33. bxc4 bxc4 34. Rxe8 Rxe8 35. Rxe8 Kxe8 36.
Kf3 Ba5 37. Ke2 Nd8 38. Ng2 Ne6 39. Nde3 Nxe3 40. Nxe3 Nf4+ 41. Kf3 Ne6 42. Ke4 Kd7 43. Nxc4 Bc7 44. Ne3 Ba5 45. Nd5 Kc6 46. Bc1 Nc7 47.
Nxc7 Bxc7 48. c4 d5+ 49. cxd5+ Kd7 50. Bf4 Ba5 51. Bg3 Bd2 52. Kd3 Ba5 53. Kc4 Bd2 54. Kc5 Be3 55. Kc4 Bc1 56. Kd3 Ba3 57. Ke4 Bb4 58.
Bf2 Ba5 59. Kf3 Bb4 60. Bg3 Ba5 61. Ke2 Bb4 62. Be1 Bd6 63. Kd3 Bc7 64. Kc4 Bb8 65. Kc5 Bd6+ 66. Kb5 Bb8 67. Kb6 Bd6 68. Kb5 Bb8 69.
d6 Bxd6 70. Kc4 Bh2 71. Kd5 Bd6 72. Ke4 Bb8 73. Kf3 Bc7 74. Bg3 Bb6 75. Ke4 Ba5 76. Kd5 Bd2 77. Kc4 Ba5 78. d5 Bd2 79. Kb5 Be3 80. Kc4 1/2-1/2

[Event "Late-Titled-Tuesday-Blitz-May-14-2024"]
[Site "Chess.com"]
[Date "2024.05.14"]
[Round "5"]
[White "TanitoluwaAps116"]
[Black "HowTo2Draw"]
[Result "0-1"]
[WhiteElo "2732"]
[BlackElo "2581"]
[TimeControl "180+1"]
[EndTime "14:57:15 PDT"]
[Termination "HowTo2Draw won by checkmate"]

1. e4 c6 2. d4 d5 3. e5 c5 4. Nf3 cxd4 5. Nxd4 e6 6. c4 Nc6 7.
Nc3 dxc4 8. Nxc6 Qxd1+ 9. Kxd1 bxc6 10. Bxc4 Ne7 11. Kc2 Nd5 12. Re1 Bb4 13. Bd2 Bxc3 14. Bxc3 a5 15. Bd4 Ba6 16. b3 a4 17. Bc5 Kd7 18.
f4 g6 19. Re4 Bb5 20. Rd1 axb3+ 21. Bxb3 h5 22. a4 Ba6 23. h3 Rab8 24. g3 Rb7 25. Rb4 Rxb4 26. Bxb4 Be2 27. Rd2 Bf3 28. Bc4 h4 29. g4 Be4+ 30. Kc1 Ra8 31. a5 Rb8 32. Bxd5 cxd5 33. Rb2 Kc6 34. Kd2 Rc8 35.
Rb3 Kb5 36. Bc3+ Ka6 37. Rb6+ Ka7 38. Bd4 Rc2+ 39. Ke3 Ka8 40. Ra6+ Kb8 41. Rb6+ Ka8 42. f5 gxf5 43. gxf5 Bxf5 44. Ra6+ Kb8 45. Rb6+ Ka8 46. a6 Ra2 47. Rd6 Kb8 48. a7+ Kc7 49. Bc5 Bxh3 50. Bb6+ Kb7 51. Bd4 Bf5 52. Rd7+ Kc6 53. Rd8 Kb7 54. Rb8+ Kc7 55. a8=Q Rxa8 56. Rxa8 h3 57.
Rf8 Kc6 58. Rxf7 h2 59. Rf8 h1=Q 60. Rc8+ Kd7 61. Rc3 Qe4+ 62. Kf2 Qxd4+ 63. Re3 Qxe3+ 64. Kxe3 Kc6 65. Kd4 Kb5 66. Kc3 Kc5 67. Kd2 d4 68.
Ke1 Kd5 69. Kd2 Kxe5 70. Ke2 Kd5 71. Kd2 e5 72. Ke1 e4 73. Kd2 e3+ 74. Ke2 Ke4 75.
Kd1 d3 76. Ke1 d2+ 77. Kf1 Bg4 78. Kg2 d1=Q 79. Kh2 Qe2+ 80. Kg3 Qf3+ 81. Kh2 Qf2+ 82. Kh1 Bf3# 0-1

[Event "Late-Titled-Tuesday-Blitz-May-14-2024"]
[Site "Chess.com"]
[Date "2024.05.14"]
[Round "5"]
[White "joksijoksi"]
[Black "Bastiandash"]
[Result "0-1"]
[WhiteElo "2513"]
[BlackElo "2698"]
[TimeControl "180+1"]
[EndTime "14:57:15 PDT"]
[Termination "Bastiandash won by resignation"]

1. d4 Nf6 2. c4 e6 3. Nc3 Bb4 4. Bd2 b6 5. e3 Bb7 6. Nf3 O-O 7.
Bd3 d6 8. O-O Nbd7 9. Rc1 e5 10.
Bb1 exd4 11. exd4 Re8 12. Bg5 h6 13. Bh4 Qe7 14. Re1 Qf8 15. Qd3 Bxc3 16. Qxc3 Be4 17. Nd2 Bxb1 18. Rxb1 Rxe1+ 19. Rxe1 Re8 20. Nf3 Re4 21.
Rxe4 Nxe4 22. Qe3 f5 23. Bg3 Qf7 24. b3 g5 25. h4 Qf6 26. hxg5 hxg5 27. Qd3 Qg6 28. c5 f4 29. Nxg5 Qxg5 30. Qxe4 fxg3 31. fxg3 Nf8 32. c6 Qf6 33. d5 Qa1+ 34. Kh2 Qh8+ 35.
Kg1 Qa1+ 36. Kh2 Qf6 37. Qg4+ Kf7 38. Qc8 Qh6+ 39. Kg1 Qc1+ 40. Kh2 Qh6+ 41. Kg1 Qe3+ 42. Kh2 Qe7 43. Qf5+ Kg7 44. Qc8 Ng6 45. Qd7 Kf6 46.
Qc8 Ne5 47. Qh8+ Qg7 48. Qd8+ Kf5 49. Qc8+ Ke4 50. Qe6 Kd4 51. b4 Ng4+ 52. Kh3 Nf2+ 53. Kh2 Ne4 54. g4 Qe5+ 55. Qxe5+ Kxe5 56. Kh3 Kxd5 57. Kh4 Kxc6 58. g5 Kd7 59. g6 Ke7 60. Kh5 Kf8 61. Kh6 Kg8 62. g7 d5 63. Kg6 d4 64.
Kf5 d3 65. Kxe4 d2 66. Kd5 d1=Q+ 67. Kc6 Qa4+ 68. b5 Qc4+ 69. Kb7 Qxb5 70. a4 Qxa4 71.
g4 Qxg4 72. Ka6 c5 73. Kb5 c4 74. Kb4 c3+ 75. Kxc3 a5 76. Kb2 Qb4+ 77. Ka1 Qd2 78. Kb1 a4 0-1

[Event "Late-Titled-Tuesday-Blitz-May-14-2024"]
[Site "Chess.com"]
[Date "2024.05.14"]
[Round "5"]
[White "Kombinator01"]
[Black "imdvb6307"]
[Result "1/2-1/2"]
[WhiteElo "2374"]
[BlackElo "2525"]
[TimeControl "180+1"]
[EndTime "14:57:19 PDT"]
[Termination "Game drawn by stalemate"]

1. Nc3 d6 2. g3 f5 3. Bg2 e5 4. d3 Nf6 5. Nf3 Be7 6. O-O O-O 7. h3 c6 8. Kh2 Qe8 9. e4 fxe4 10.
dxe4 Na6 11. Be3 Qh5 12. Nh4 Qxd1 13. Raxd1 g6 14. f4 Nh5 15. fxe5 Rxf1 16. Bxf1 dxe5 17. Nf3 Be6 18. Bxa6 bxa6 19. Nxe5 c5 20. Nd5 Bxd5 21. Rxd5 Nf6 22. Rd1 Re8 23. Nc6 Nxe4 24. Nxe7+ Rxe7 25. Rd3 Rb7 26. b3 Rc7 27. Bf4 Rc6 28. Rd7 c4 29.
b4 Nc3 30. a3 Nb5 31. a4 Nc3 32. a5 Na2 33. Rb7 c3 34. Be5 Re6 35. Bd4 Re2+ 36. Kg1 Rxc2 37. Rg7+ Kf8 38. Rxa7 Rd2 39. Bxc3 Nxc3 40.
Rxa6 Ne4 41. b5 Rb2 42. b6 Kg7 43. Ra7+ Kh6 44. b7 Nc5 45. a6 Rb6 46. Ra8 Nxa6 47. Rxa6 Rxb7 48. Ra4 Rb2 49. Rf4 Kg5 50. Rf2 Rb1+ 51.
Kg2 h5 52. Rc2 Kh6 53. Kf3 Rb3+ 54. Kf2 h4 55. gxh4 Rxh3 56. Rc4 Kh5 57. Kg2 Rxh4 58. Rc5+ g5 59. Rc8 Ra4 60. Rc3 Kh4 61. Rb3 Ra2+ 62. Kg1 g4 63. Rc3 g3 64. Rc8 Ra1+ 65. Kg2 Ra2+ 66. Kg1 Ra5 67. Rh8+ Kg4 68. Rg8+ Rg5 69. Rxg5+ Kxg5 70. Kg2 Kg4 71. Kg1 Kf3 72. Kf1 g2+ 73. Kg1 Kg3 1/2-1/2